Cogmind - Beta 14 @@@ ROGUE MODE // 2024.10.09 @ 14:30:00 Player: Gatamar Result: Destroyed self with Grenade Launcher Performance ------------- Evolutions (2) 1000 Regions Visited (4) 800 Robots Destroyed (66) 330 Value Destroyed (2090) 2090 Prototype IDs (2) 40 Alien Tech Used (0) 0 Bonus (25) 25 TOTAL SCORE: 4285 Bonus ------- Follower Combat Kills 25 Cogmind --------- Core Integrity 0/550 Matter 222/300 Energy 79/100 System Corruption 4% Temperature Cool (2) Movement Core (250) Ox4 Location -8/Materials Parts ------- > --- POWER (1) -------- (None) > --- PROPULSION (2) --- (None) > --- UTILITY (6) ------ Small Storage Unit Signal Interpreter Advanced Terrain Scan Processor Advanced Terrain Scan Processor > --- WEAPON (2) ------- Assault Cannon Grenade Launcher > --- INVENTORY (8) ---- Light Nuclear Core Enhanced Nuclear Core Aluminum Leg Flight Unit Cesium-ion Thruster Corruption Screen Peak State ------------ > --- POWER ------------ Light Nuclear Core > --- PROPULSION ------- Carbon-fiber Leg Carbon-fiber Leg > --- UTILITY ---------- Large Storage Unit Reactive Plating Hacking Suite Recalibrator Decoy Drone Bay > --- WEAPON ----------- Shotgun Battle Rifle > --- INVENTORY -------- Ion Engine Light Nuclear Core Aluminum Leg Carbon-fiber Leg Wheel Compact Wheel Improved Heat Sink Small Storage Unit Terrain Scan Processor Reaction Control System Weapon Shielding Grenade Launcher Axe [Rating: 40] Favorites ----------- Power Light Nuclear Core Engine Light Ion Engine Power Core Light Nuclear Core Propulsion Aluminum Leg Treads Light Treads Leg Aluminum Leg Flight Unit Cesium-ion Thruster Utility Large Storage Unit Device Terrain Scanner Storage Large Storage Unit Processor Advanced Terrain Scan Processor Hackware Hacking Suite Protection Hardened Light Armor Plating Weapon Light Assault Rifle Energy Gun Beam Rifle Ballistic Gun Light Assault Rifle Ballistic Cannon Assault Cannon Launcher Grenade Launcher Slashing Weapon Axe Build | -11 -10 -10 -10 -8 ------- Run | Yrd Mat Min Sub Mat Slots Evolved 4 | . . . . 4 Power . | . . . . . Propulsion . | . . . . . Utility 4 | . . . . 4 Weapon . | . . . . . Parts Attached 59 | 8 4 7 1 39 Power 6 | 1 1 1 . 3 Engine 1 | 1 . . . . Core 5 | . 1 1 . 3 Reactor . | . . . . . Propulsion 15 | 3 . 4 . 8 Treads 2 | 2 . . . . Leg 11 | 1 . 4 . 6 Wheel . | . . . . . Hover . | . . . . . Flight 2 | . . . . 2 Utility 22 | 1 3 . . 18 Device 7 | . 2 . . 5 Storage 3 | 1 1 . . 1 Processor 6 | . . . . 6 Hackware 1 | . . . . 1 Protection 5 | . . . . 5 Artifact . | . . . . . Weapon 16 | 3 . 2 1 10 Energy Gun 3 | 1 . . . 2 Energy Cannon . | . . . . . Ballistic Gun 9 | 2 . 2 1 4 Ballistic Cannon 2 | . . . . 2 Launcher 1 | . . . . 1 Special Weapon . | . . . . . Impact Weapon . | . . . . . Slashing Weapon 1 | . . . . 1 Piercing Weapon . | . . . . . Special Melee Weapon . | . . . . . Unidentified Prototypes 2 | . . . . 2 Parts Lost 29 | . 1 7 . 21 Power 4 | . 1 1 . 2 Propulsion 10 | . . 4 . 6 Utility 7 | . . 1 . 6 Weapon 8 | . . 1 . 7 Highest Loss Streak 7 | . 1 3 . 7 To Critical Strikes . | . . . . . Average Slot Usage (%) 92 | . 98 88 85 93 Core 9 | . 10 6 14 8 Treads 6 | . 28 3 . . Leg 15 | . . 23 28 15 Device 7 | . 10 12 . 5 Storage 12 | . 16 14 14 9 Processor 8 | . . . . 18 Hackware 4 | . . . . 8 Protection 4 | . . . . 8 Ballistic Gun 19 | . 28 27 28 9 Ballistic Cannon 1 | . . . . 2 Slashing Weapon 1 | . . . . 3 Peak Build Rating 40 | 6 12 14 15 40 Average Rating 19 | 5 9 9 14 29 On Entrance 9 | . 6 10 14 15 Naked Turns . | . . . . . Heaviest Build 59 | 11 33 29 30 59 Greatest Support 40 | 40 40 40 25 30 Greatest Overweight (x) 9 | 2 . 9 1 8 Average Overweight (x) . | . . . 1 1 Largest Inventory Capacity 15 | 8 15 15 15 15 Average Capacity 14 | 7 14 15 15 14 Most Carried 15 | 6 14 15 15 15 Average Carried 13 | 4 10 13 15 13 Final Capacity 15 | 8 15 15 15 8 Final Carried 15 | 6 14 15 15 6 Class Distribution -------------------- 72% | Mutant 27% | Scavenger-Mutant Dominant Class ---------------- Mutant | -10/Materials Mutant | -10/Mines Mutant | -10/Subcaves Mutant | -8/Materials Resources | -11 -10 -10 -10 -8 ----------- Run | Yrd Mat Min Sub Mat Matter Collected 1676 | 214 315 195 22 930 Remotely . | . . . . . Salvage Created 2311 | . 578 265 97 1371 Parts 159 | . 42 19 7 91 Haulers Intercepted . | . . . . . Recyclers Shooed . | . . . . . Parts Field Recycled . | . . . . . Retrieved Matter . | . . . . . Parts Self-Destructed 7 | . . . 7 . Prevented . | . . . . . Kills | -11 -10 -10 -10 -8 ------- Run | Yrd Mat Min Sub Mat Combat Hostiles Destroyed 56 | . 12 11 2 31 Melee 2 | . . . . 2 Guns 45 | . 12 11 2 20 Cannons 7 | . . . . 7 AOE 2 | . . . . 2 Classes Destroyed 11 | . 3 1 1 6 Worker 1 | . . . . 1 Builder 5 | . 2 . . 3 Mechanic 1 | . . . . 1 Operator 1 | . . . . 1 Watcher 2 | . 1 . . 1 Swarmer 13 | . . 6 . 7 Grunt 33 | . 12 5 1 15 Duelist 2 | . . . . 2 Sentry 6 | . . . . 6 Hunter 1 | . . . . 1 Subdweller 1 | . . . 1 . Best Kill Streak 4 | . 4 3 1 4 Combat Bots Only 4 | . 4 3 1 4 Max Kills in Single Turn 2 | . 1 1 1 2 Gunslinging . | . . . . . Exploded 1 | . . . . 1 Melee 1 | . . . . 1 Uniques/NPCs Destroyed . | . . . . . Combat | -11 -10 -10 -10 -8 -------- Run | Yrd Mat Min Sub Mat Hostile Shots Fired 457 | . 53 81 10 313 Missed 128 | . 15 22 1 90 Damage Taken 4212 | . 501 599 153 2959 Core 789 | . 40 158 41 550 Absorbed by Shields . | . . . . . Redirected to Shielding 51 | . . . . 51 Ignored by Resistances 113 | . . . . 113 Core Remaining (%) 52 | 100 . . 4 . Volleys Fired 238 | . 57 35 2 144 Largest 2 | . 2 2 2 2 Hottest 79 | . 40 43 48 79 Shots Fired 429 | . 114 68 4 243 Gun 396 | . 114 68 4 210 Cannon 31 | . . . . 31 Launcher 2 | . . . . 2 Special . | . . . . . Kinetic 406 | . 114 68 4 220 Thermal 21 | . . . . 21 Explosive 2 | . . . . 2 Electromagnetic . | . . . . . Robot Hit Streak 11 | . 8 7 5 11 Robot Miss Streak 6 | . 5 4 1 6 Penetration Max . | . . . . . Secondary Targets 4 | . 1 2 . 1 Max Gunslinging Chain 1 | . 1 1 . 1 Shots Hit Robots 298 | . 75 42 4 177 Core Hits 144 | . 37 19 3 85 Critical Kills 1 | . . . . 1 Critical Parts Destroyed 1 | . . . . 1 Critical Strikes 9 | . . . . 9 Burn 3 | . . . . 3 Destroy 2 | . . . . 2 Blast 1 | . . . . 1 Sever 3 | . . . . 3 Melee Attacks 13 | . . . . 13 Impact . | . . . . . Slashing 13 | . . . . 13 Piercing . | . . . . . Sneak Attacks . | . . . . . Combat Hostiles . | . . . . . Follow-up Attacks . | . . . . . Damage Inflicted 4267 | . 770 517 47 2933 Guns 3340 | . 763 511 47 2019 Cannons 504 | . . . . 504 Explosions 108 | . . . . 108 Melee 269 | . . . . 269 Ramming 46 | . 7 6 . 33 Kinetic 3657 | . 763 511 47 2336 Thermal 187 | . . . . 187 Explosive 108 | . . . . 108 Electromagnetic . | . . . . . Impact . | . . . . . Slashing 269 | . . . . 269 Piercing . | . . . . . Highest Corruption 4 | . . . . 4 Average Corruption 3 | . . . . 3 Corruption Purged . | . . . . . Corruption Blocked . | . . . . . Effects 2 | . . . . 2 Message Errors 1 | . . . . 1 Matter Fused 1 | . . . . 1 Overload Shots . | . . . . . Overflow Damage 14 | . . . . 14 Projectiles 14 | . . . . 14 Explosions . | . . . . . Melee . | . . . . . Knockbacks 5 | . . . . 5 Impact . | . . . . . Kinetic 5 | . . . . 5 Secondary . | . . . . . Self-Inflicted Damage 58 | . . . . 58 Shots 2 | . . . . 2 Rammed 2 | . 2 . . . Targets Rammed 14 | . 2 3 . 9 Kicked 12 | . . 3 . 9 Crushed . | . . . . . Highest Temperature 189 | . 57 21 . 189 Average Temperature 31 | . 9 5 . 40 Received Heat Transfer 1803 | . 318 216 45 1224 Siege Activations . | . . . . . Robots Corrupted . | . . . . . Combat Hostiles . | . . . . . Parts Fried . | . . . . . Impact Corruptions . | . . . . . Robots Melted . | . . . . . Combat Hostiles . | . . . . . Parts Melted 1 | . . . . 1 Heat Transferred 703 | . . . . 703 Parts Sabotaged . | . . . . . Parts Stolen . | . . . . . Parts Stripped . | . . . . . Power Chain Reactions . | . . . . . Alert | -11 -10 -10 -10 -8 ------- Run | Yrd Mat Min Sub Mat Peak Influence 344 | . 200 135 . 344 Initial 53 | . . 53 . . Average 121 | . 78 67 . 171 Maximum Alert Level 1 | . 1 . . 1 Low Security (%) 77 | 100 92 100 . 59 Level 1 22 | . 7 . . 40 Level 2 . | . . . . . Level 3 . | . . . . . Level 4 . | . . . . . Level 5 . | . . . . . High Security . | . . . . . Max Security . | . . . . . Squads Dispatched 8 | . 2 1 . 5 Investigation 5 | . 2 . . 3 Extermination . | . . . . . Reinforcement 2 | . . . . 2 Assault 1 | . . 1 . . Garrison . | . . . . . Intercept . | . . . . . Searches Triggered . | . . . . . Construction Impeded . | . . . . . Haulers Reinforced . | . . . . . Active Scanning Responses . | . . . . . Cargo Convoy Interrupts . | . . . . . Stealth | -11 -10 -10 -10 -8 --------- Run | Yrd Mat Min Sub Mat Distress Signals 8 | . 2 . . 6 Communications Jammed . | . . . . . Distress Signals . | . . . . . Times Spotted 104 | . 19 15 5 65 Peak Tracking Total 6 | . 6 4 4 6 Tactical Retreats 9 | . 2 1 . 6 Traps | -11 -10 -10 -10 -8 ------- Run | Yrd Mat Min Sub Mat Traps Triggered 5 | . 2 . . 3 Indirectly . | . . . . . Trap Hack Attempts . | . . . . . Triggered . | . . . . . Disarmed . | . . . . . Reprogrammed . | . . . . . Reused . | . . . . . Traps Extracted . | . . . . . Installed . | . . . . . Triggered . | . . . . . Most Traps Carried 2 | . . 2 2 2 Machines | -11 -10 -10 -10 -8 ---------- Run | Yrd Mat Min Sub Mat Machines Disabled 1 | . . . . 1 Max in Single Turn 1 | . . . . 1 Garrison Access 1 | . . . . 1 Machines Repaired . | . . . . . Machines Dismantled . | . . . . . Machines Sabotaged . | . . . . . Overloaded Fab Kills . | . . . . . Hacking | -11 -10 -10 -10 -8 --------- Run | Yrd Mat Min Sub Mat Machines Accessed 9 | . 2 2 . 5 Terminals 6 | . 2 1 . 3 Fabricators . | . . . . . Repair Stations . | . . . . . Recycling Units 1 | . . . . 1 Scanalyzers . | . . . . . Garrison Access 1 | . . . . 1 Total Hacks 26 | . 7 3 . 16 Successful 11 | . 3 2 . 6 Failed 15 | . 4 1 . 10 Catastrophic 1 | . . . . 1 Database Lockouts . | . . . . . Manual . | . . . . . Terminals 19 | . 7 2 . 10 Fabricators . | . . . . . Repair Stations . | . . . . . Recycling Units 3 | . . . . 3 Scanalyzers . | . . . . . Garrison Access 3 | . . . . 3 Terminal Hacks 8 | . 3 2 . 3 Open Door 1 | . . 1 . . Locate Traps 1 | . 1 . . . Maintenance Status 1 | . 1 . . . Hauler Manifests 1 | . . . . 1 Zone Layout 4 | . 1 1 . 2 Fabricator Hacks . | . . . . . Repair Station Hacks . | . . . . . Recycling Unit Hacks 2 | . . . . 2 Report Inventory 1 | . . . . 1 Retrieve Components 1 | . . . . 1 Scanalyzer . | . . . . . Garrison Access Hacks 1 | . . . . 1 Seal Access 1 | . . . . 1 Unauthorized Hacks . | . . . . . Terminals . | . . . . . Fabricators . | . . . . . Repair Stations . | . . . . . Recycling Units . | . . . . . Scanalyzers . | . . . . . Garrison Access . | . . . . . Data Cores Recovered . | . . . . . Used . | . . . . . Hacking Detections 7 | . 2 . . 5 Full Trace Events 2 | . . . . 2 Feedback Events . | . . . . . Feedback Blocked . | . . . . . Robot Schematics Acquired . | . . . . . Robots Built . | . . . . . Authchips . | . . . . . Time . | . . . . . Total Robot Build Rating . | . . . . . Part Schematics Acquired . | . . . . . Parts Built . | . . . . . Authchips . | . . . . . Time . | . . . . . Total Part Build Rating . | . . . . . Parts Repaired . | . . . . . Time . | . . . . . Parts Recycled . | . . . . . Recycled Matter . | . . . . . Retrieved Matter . | . . . . . Retrieved Components 3 | . . . . 3 Parts Scanalyzed . | . . . . . Part Schematics Acquired . | . . . . . Parts Damaged . | . . . . . Bothacking | -11 -10 -10 -10 -8 ------------ Run | Yrd Mat Min Sub Mat Used RIF Installer . | . . . . . Robots Hacked . | . . . . . Non-combat . | . . . . . Combat . | . . . . . Robot Hacks Applied . | . . . . . Relay Couplers Released . | . . . . . Fabnet Peak Effective % . | . . . . . Robots Rewired . | . . . . . Allies Hacked . | . . . . . Hacks Repelled . | . . . . . Allies | -11 -10 -10 -10 -8 -------- Run | Yrd Mat Min Sub Mat Total Allies 1 | . . 1 . . Largest Group 1 | . . 1 . . Highest-Rated Group 31 | . . 31 . . Highest-Rated Ally 31 | . . 31 . . Total Orders . | . . . . . Ally Attacks 4 | . . 4 . . Total Damage 64 | . . 64 . . Kills 1 | . . 1 . . Allies Corrupted . | . . . . . Allies Melted . | . . . . . Intel | -11 -10 -10 -10 -8 ------- Run | Yrd Mat Min Sub Mat Robot Analysis Total . | . . . . . Derelict Logs Recovered 3 | . . 2 1 . Drone Launches 16 | . . . . 16 Drone Recoveries . | . . . . . Exploration | -11 -10 -10 -10 -8 ------------- Run | Yrd Mat Min Sub Mat Turns Passed 5357 | 111 995 1239 497 2515 Spaces Moved 2346 | 63 509 598 246 930 Core 17 | 13 . 4 . . Treads 647 | 49 509 89 . . Legs 1618 | 1 . 505 246 866 Wheels . | . . . . . Hover . | . . . . . Flight 64 | . . . . 64 Fastest Speed 50 | 50 160 160 190 190 Average Speed 187 | 143 160 187 190 204 Slowest Speed 685 | 160 160 500 190 685 Overloaded Moves . | . . . . . Propulsion Burnouts . | . . . . . Robots Hopped . | . . . . . Cave-ins Triggered . | . . . . . Exploration Rate (%) 54 | 5 72 99 16 78 Regions Visited 4 Branch Regions 2 Pre-discovered Areas 2 | . . 2 . . Known Exits Taken . | . . . . . Unknown Exits Taken 4 | 1 1 1 1 . Scrap Searched 1 | . . 1 . . Spaces Dug . | . . . . . Terrain Destroyed 14 | . . . . 14 Melee . | . . . . . Projectile 5 | . . . . 5 AOE 9 | . . . . 9 Terrain Rammed . | . . . . . Walls Destroyed . | . . . . . Machines Disabled . | . . . . . Actions | -11 -10 -10 -10 -8 --------- Run | Yrd Mat Min Sub Mat Total 2880 | 81 584 654 273 1288 Wait 143 | 4 5 7 23 104 Move 2342 | 62 508 597 245 930 Hop . | . . . . . Pick Up 46 | 7 8 4 1 26 Fast Attach 15 | 5 2 2 . 6 Attach 21 | 1 . 4 . 16 Detach . | . . . . . Swap 23 | 2 2 1 1 17 Drop 25 | . . 1 1 23 Fire 238 | . 57 35 2 144 Melee 13 | . . . . 13 Ram . | . . . . . Kick 12 | . . 3 . 9 Crush 2 | . 2 . . . Escape Stasis . | . . . . . Rewire . | . . . . . Trap . | . . . . . Miscellaneous . | . . . . . Route ------- -11/Scrapyard -10/Materials (discovered 3 exits: [*Mat x2] / *Min) -10/Mines (discovered 3 exits: [*Mat x2] / [*Sub]) -10/Subcaves -8/Materials (discovered 3 exits: *Fac x2 / *Sto) History --------- Turn | Location | Event 9 | -11/Scrapyard | Discovered new exit (range 16) 112 | -11/Scrapyard | Entered Materials 314 | -10/Materials | Build established: Mutant 403 | -10/Materials | Discovered new exit (range 14) 642 | -10/Materials | Discovered new exit (range 8) 1011 | -10/Materials | Discovered new exit (range 5) 1107 | -10/Materials | Entered Mines 1138 | -10/Mines | Met a Derelict bent on vengeance 1343 | -10/Mines | Discovered new exit (range 9) 1429 | -10/Mines | Found the Drone Emporium 1447 | -10/Mines | Found Prototype Device 1572 | -10/Mines | Discovered new exit (range 8) 2048 | -10/Mines | Found a hidden stash of uninstalled traps 2106 | -10/Mines | Met a Derelict testing a Signal Generator 2187 | -10/Mines | Core integrity fell below 50% 2241 | -10/Mines | Lost 3 parts (2n1u) 2318 | -10/Mines | Discovered new exit (range 14) 2346 | -10/Mines | Entered Subcaves 2350 | -10/Subcaves | Core integrity fell below 20% 2525 | -10/Subcaves | A swath of the cavern ceiling suddenly collapsed 2539 | -10/Subcaves | Build established: Scavenger-Mutant 2587 | -10/Subcaves | Shifting Twisted Machinery released Battle Rifle 2648 | -10/Subcaves | Learned 2 Materials zone layouts 2756 | -10/Subcaves | A swath of the cavern ceiling suddenly collapsed 2822 | -10/Subcaves | Discovered new exit (range 12) 2843 | -10/Subcaves | Entered Materials 2843 | -8/Materials | Evolved 4 slots: Utility x4 2843 | -8/Materials | Identified Decoy Drone Bay 3228 | -8/Materials | Build established: Mutant 3402 | -8/Materials | Discovered new exit (range 24) 3414 | -8/Materials | Discovered new exit (range 54) 3457 | -8/Materials | Lost 12 allies 3591 | -8/Materials | Identified exit to Storage 3794 | -8/Materials | Build established: Scavenger-Mutant 4298 | -8/Materials | Lost 3 parts (1n2w) 4695 | -8/Materials | Core integrity fell below 50% 4792 | -8/Materials | Discovered new exit (range 8) 4813 | -8/Materials | Identified exit to Factory 4970 | -8/Materials | Build established: Mutant 5342 | -8/Materials | Core integrity fell below 20% 5358 | -8/Materials | Destroyed self with Grenade Launcher Last Messages --------------- 05281_ Acquired 5 matter. 05284_ K-01 Serf collects debris. 05288_ K-01 Serf cleans the Matter Pump. 05301_ K-01 Serf collects debris. 05321_ YS09KRF4JVJTG MSVB8:/YL=HNU:QNFVZ>Q>U 05333_ Cesium-ion Thruster destroyed. 05335_ G-47 Trooper destroyed. 05338_ Acquired 2 matter. 05339_ Destroyed Lgt. Nuclear Core. 05344_ Assault Cannon destroyed. 05346_ Weapon Shielding destroyed. 05347_ Enh. Nuclear Core destroyed. 05348_ G-47 Trooper Aluminum Leg severed. 05349_ Cesium-ion Thruster destroyed. 05349_ Critical hit (Burn: +37). 05350_ G-47 Trooper Aluminum Leg severed. 05350_ Axe destroyed. 05351_ Hacking Suite destroyed. 05355_ Y-45 Defender destroyed. 05355_ G-47 Trooper destroyed. Map ----- +----------------------------------------------------+ | ?# = # ^ #################### | | ?#! # | | ?# + [!! "" | | ?# # [!! Y" | | ?# [ # [!! "" ###+######+######### | | ?# ?# ^ # #???? ? ? ?#?# | | ?# ?# # ## #??# | | ?#######??# """ """ # ## #### | | ??????????# =""" """ # ## # | | ??????????# *%""" """ # ## # "" | | ??????????# =! # ## # "G | | ???######?# # ## # "" | | ???# # """ ######## # | | ???# """ # """ #??????# # | | ???#" """ + """ !]= #??????########## | | ???#T """ # !]= #?????????####### | | ???#" # !] #?????????#?######## | | ?### ?## ######"T"###????????####???#### | | ?# ######??#*= #????#"""??????????###?#?##?### | | ?? ?????# ! #?????????????????###?###?#??## | | ?? ?????#!= #?#######??????????##?####??### | | ??""" ????# %### # #####???????#########?# | | # """ ????# ## [#??????#??#??#?#### | | # """ ?### ## ! #??????#?##??##?#?# | | ? ?# w! = ##?????#???#??#?### | | ? """ = # o % !@= ;#???????#?######## | | # """ # *"""=""" ##?????????#! ! # | | # """ + ["""%""" #?????????## # | | # # # """%""" #??????#??# """ # | | # """ # # #?????????## "R # | | ? """ * ?# ###########????????### """ + | | # """ ######"##????????????????????# # | | # #????###?????????????????????######## | | # "S #????????????????????????????## %% | | # """ #?????????????????????????????# % | | # "" #?????????????????????????????# """ | | # #?????????????????????????????# """" | | ####+##+##?????????????????????????????# """" | | ???# #??????????????????????????????# """" | | ???# #??????????????????????????????# """ | | ???# #??????????????????????????????# | | ???# #??????????????????????????????# | | ???# #??????????????????????????????####### | | ???# #????????????????????????????????????? | | ???# #????????????????????????????????##### | | ???# #???????????????????????????????# [ "" | | ???#### #???????????????????????????????# "" | | ??????# #???????????????????????????????# "" | | ####### #???????????????????????????????# ! | | # T # #???????????????????????????????# | +----------------------------------------------------+ Best States ------------- Heat Dissipation 45 Energy Generation 17 Energy Capacity 300 Matter Stores 300 Matter Capacity 300 Sight Range 16 Terrain Scan Range 14 Terrain Scan Density 410 Armor Coverage 375 Resistance: KI 20 Weapon Shielding 33 Evasion (%) 50 Recoil Reduction 2 Offensive Hacking 10 Item Schematics ----------------- None Robot Schematics ------------------ None Fabricated ------------ Nothing Alien Tech Used ----------------- None Achievements -------------- Close Call Challenges ------------ None Game ------ Seed TargetingWarpRifle Manual? 0 Play Time 00:34:41 Cumulative 9.2 hours Start 2024.10.09 @ 13:57:18 End 2024.10.09 @ 14:30:00 Sessions 1 Manual Loads 0 Difficulty Rogue Special Mode None Game No. 30 Rogue 30 Adventurer 0 Explorer 0 Win Type - Total 0 Types 0/0/0/0/0/0/0/0/0 Lore% 5 Gallery% 12 Achievement% 12 Wizard Run 0 Options --------- Layout 1 ASCII 0 Keyboard 0 Movement Mouse Keybinds 0 Fullscreen 1 Font 32/SmallcapsGlow Map View 50x35 Zoom Use 0% Tactical HUD 1 Map Filters NONE Filters NONE Steam 1 RUN: 204c91c8-881a-45ae-bb82-e767940d30fb